[Event "FICS rated blitz game"]
[Site "FICS freechess.org"]
[FICSGamesDBGameNo "20001120"]
[White "Democrito"]
[Black "enstein"]
[WhiteElo "1478"]
[BlackElo "1473"]
[WhiteRD "na"]
[BlackRD "na"]
[TimeControl "120+12"]
[Date "1999.06.30"]
[Time "13:39:00"]
[WhiteClock "0:02:00.000"]
[BlackClock "0:02:00.000"]
[ECO "C79"]
[PlyCount "115"]
[Result "1/2-1/2"]

1. e4 e5 2. Nf3 Nc6 3. Bb5 a6 4. Ba4 Nf6 5. O-O d6 6. Re1 Bd7 7. d4 exd4 8. Nxd4 b5 9. Bb3 Be7 10. c3 O-O 11. Nf5 Ne5 12. Nxe7+ Qxe7 13. Bg5 h6 14. Bh4 Ng6 15. Bg3 Nxe4 16. f3 d5 17. fxe4 dxe4 18. Bxc7 Qc5+ 19. Kh1 Qxc7 20. Rxe4 Bc6 21. Re2 Nf4 22. Rf2 Bxg2+ 23. Rxg2 Nxg2 24. Kxg2 Qc6+ 25. Qf3 Qd6 26. Na3 Qd2+ 27. Qf2 Qg5+ 28. Kh1 Rad8 29. Rg1 Qd2 30. Qg3 g5 31. h4 Rd3 32. Rg2 Qc1+ 33. Rg1 Rxg3 34. Rxc1 Rh3+ 35. Kg2 Rxh4 36. Rf1 Kg7 37. Nc2 a5 38. Nd4 a4 39. Nf5+ Kg6 40. Bc2 Rg4+ 41. Kh3 Rf4 42. Ne7+ Kh5 43. Rxf4 gxf4 44. Nd5 Kg5 45. b3 Rd8 46. c4 axb3 47. axb3 bxc4 48. bxc4 Rc8 49. Bd3 Rb8 50. Bf1 Rb1 51. Kg2 f3+ 52. Kf2 h5 53. Ne3 Kf4 54. Nd5+ Ke5 55. Ne3 Kf4 56. Nd5+ Ke5 57. Ne3 Kf4 58. Nd5+ {Game drawn by repetition} 1/2-1/2

[Event "FICS rated blitz game"]
[Site "FICS freechess.org"]
[FICSGamesDBGameNo "20001119"]
[White "RicFlair"]
[Black "Seagaard"]
[WhiteElo "1911"]
[BlackElo "2132"]
[WhiteRD "na"]
[BlackRD "na"]
[TimeControl "180+0"]
[Date "1999.06.30"]
[Time "13:13:00"]
[WhiteClock "0:03:00.000"]
[BlackClock "0:03:00.000"]
[ECO "B23"]
[PlyCount "149"]
[Result "0-1"]

1. e4 c5 2. Nc3 a6 3. f4 b5 4. Nf3 Bb7 5. d3 e6 6. Be2 Qc7 7. O-O h6 8. e5 d5 9. exd6 Bxd6 10. Ne4 Bxf4 11. Bxf4 Qxf4 12. Kh1 Bxe4 13. dxe4 Qxe4 14. Bd3 Qd5 15. Qe2 Nd7 16. Be4 Qd6 17. Bxa8 Ngf6 18. Rae1 O-O 19. Be4 c4 20. c3 Nc5 21. Bc2 Nd5 22. Ne5 b4 23. Nxc4 Qc7 24. cxb4 Nxb4 25. Bb1 Nd5 26. Qe5 Qc6 27. b3 Nb7 28. Be4 a5 29. Rd1 a4 30. Bxd5 exd5 31. Qxd5 Qc7 32. Qd7 Qb8 33. Nd6 Nxd6 34. Qxd6 Qa8 35. bxa4 Qxa4 36. Qd5 Qa6 37. h3 Qe2 38. Rde1 Qa6 39. Rf3 Qg6 40. Re7 Qb1+ 41. Kh2 Qg6 42. Qf5 Qd6+ 43. Kh1 Qxe7 44. a4 Qb4 45. Rf1 g6 46. Qf4 Qxf4 47. Rxf4 Ra8 48. Kh2 Ra5 49. h4 Kg7 50. g4 f6 51. Kg3 Kf7 52. Rc4 Ra7 53. h5 g5 54. Rb4 Ke6 55. Re4+ Kd5 56. Rb4 Ra6 57. Rb5+ Kc4 58. Rf5 Kb4 59. a5 Re6 60. Kf3 Ka4 61. Kg3 Kb4 62. Kf3 Kc4 63. Kg3 Kd4 64. Rb5 Ke4 65. Rb4+ Kd5 66. Rb5+ Kd6 67. Rf5 Re3+ 68. Kf2 Re6 69. Kf3 Kc6 70. Kf2 Kb7 71. Kf3 Ka6 72. Kf2 Ka7 73. Kf3 Kb7 74. Kf2 Ka7 75. Kf3 {White forfeits on time} 0-1

[Event "FICS rated blitz game"]
[Site "FICS freechess.org"]
[FICSGamesDBGameNo "20001118"]
[White "Claude"]
[Black "slior"]
[WhiteElo "1728"]
[BlackElo "1755"]
[WhiteRD "na"]
[BlackRD "na"]
[TimeControl "240+0"]
[Date "1999.06.30"]
[Time "11:39:00"]
[WhiteClock "0:04:00.000"]
[BlackClock "0:04:00.000"]
[ECO "B04"]
[PlyCount "86"]
[Result "0-1"]

1. e4 Nf6 2. e5 Nd5 3. d4 Nb6 4. Nf3 d6 5. c4 Nc6 6. Nc3 g6 7. Be2 Bg7 8. exd6 cxd6 9. O-O O-O 10. Bg5 Bg4 11. b3 Bxf3 12. Bxf3 Nxd4 13. Bxb7 Rb8 14. Bd5 Nxd5 15. Nxd5 Nf5 16. Rc1 Qd7 17. Qe2 Rfe8 18. Rfe1 h6 19. Bd2 e6 20. Ne3 Nd4 21. Qd3 d5 22. Ng4 Nf5 23. Ne5 Qb7 24. Nf3 Red8 25. Qe2 d4 26. Bf4 Rbc8 27. Rcd1 d3 28. Rxd3 Rxd3 29. Qxd3 Kh7 30. Rd1 Qa6 31. Be5 Qxa2 32. Bxg7 Kxg7 33. Qd7 Qxb3 34. Ne5 Rf8 35. c5 Qc2 36. c6 Qc3 37. Nf3 Qc5 38. c7 Ne7 39. Qd4+ Qxd4 40. Nxd4 Nd5 41. Rc1 Rc8 42. Nb5 a6 43. Na7 Rxc7 {White resigns} 0-1

[Event "FICS rated blitz game"]
[Site "FICS freechess.org"]
[FICSGamesDBGameNo "20001117"]
[White "BMO"]
[Black "stealthbomber"]
[WhiteElo "1617"]
[BlackElo "1338"]
[WhiteRD "na"]
[BlackRD "na"]
[TimeControl "180+0"]
[Date "1999.06.30"]
[Time "11:12:00"]
[WhiteClock "0:03:00.000"]
[BlackClock "0:03:00.000"]
[ECO "B30"]
[PlyCount "61"]
[Result "1-0"]

1. e4 c5 2. Nf3 Nc6 3. d3 d6 4. Nbd2 Nf6 5. g3 g6 6. Bg2 Bg7 7. O-O O-O 8. c3 b6 9. Qe2 Bb7 10. h4 e5 11. Nc4 b5 12. Ne3 b4 13. Bd2 bxc3 14. bxc3 Ba6 15. Rfe1 Rb8 16. Bf1 Bh6 17. Nh2 Qd7 18. g4 Bg7 19. f3 Na5 20. Qf2 c4 21. d4 exd4 22. cxd4 Rb2 23. Red1 Qa4 24. Rac1 Qxa2 25. g5 Nb3 26. gxf6 Bxf6 27. Ra1 Nxa1 28. Nhg4 Nb3 29. Nxc4 Bxc4 30. Bxc4 Qa3 31. Bxb3 {Black forfeits on time} 1-0

[Event "FICS rated blitz game"]
[Site "FICS freechess.org"]
[FICSGamesDBGameNo "20001116"]
[White "TheGenius"]
[Black "TARZZZ"]
[WhiteElo "1576"]
[BlackElo "1733"]
[WhiteRD "na"]
[BlackRD "na"]
[TimeControl "120+12"]
[Date "1999.06.30"]
[Time "10:45:00"]
[WhiteClock "0:02:00.000"]
[BlackClock "0:02:00.000"]
[ECO "B81"]
[PlyCount "44"]
[Result "0-1"]

1. e4 c5 2. Nf3 e6 3. d4 cxd4 4. Nxd4 Nf6 5. Nc3 d6 6. g4 Nc6 7. Be3 Nxd4 8. Bxd4 e5 9. Be3 Bxg4 10. f3 Be6 11. Qd2 d5 12. Bb5+ Bd7 13. Bxd7+ Qxd7 14. exd5 Bb4 15. O-O-O Rc8 16. Bg5 Bxc3 17. bxc3 Qd6 18. Kb1 Rc5 19. Bxf6 gxf6 20. Rhe1 Ra5 21. Qc1 Qc5 22. d6 Rb5+ {White resigns} 0-1

[Event "FICS rated blitz game"]
[Site "FICS freechess.org"]
[FICSGamesDBGameNo "20001115"]
[White "rettoper"]
[Black "amontes"]
[WhiteElo "1615"]
[BlackElo "1595"]
[WhiteRD "na"]
[BlackRD "na"]
[TimeControl "180+0"]
[Date "1999.06.30"]
[Time "10:42:00"]
[WhiteClock "0:03:00.000"]
[BlackClock "0:03:00.000"]
[ECO "B33"]
[PlyCount "132"]
[Result "0-1"]

1. e4 c5 2. Nf3 Nc6 3. d4 cxd4 4. Nxd4 Nf6 5. Nc3 e5 6. Nxc6 bxc6 7. Bc4 d5 8. Bb3 d4 9. Ne2 Be7 10. O-O O-O 11. c3 c5 12. cxd4 cxd4 13. Bg5 h6 14. Bh4 Bg4 15. f3 Bh5 16. Bg3 Bg6 17. f4 exf4 18. Nxf4 Bxe4 19. Bc2 Bxc2 20. Qxc2 d3 21. Qxd3 Qxd3 22. Nxd3 Rfd8 23. Ne5 Rd2 24. b3 Ne4 25. Bf4 Rc2 26. Rfe1 Ng5 27. h4 Ne6 28. Bg3 Rd8 29. a4 Rdd2 30. Rec1 Rxg2+ 31. Kf1 Rxc1+ 32. Rxc1 Rxg3 33. Rc8+ Kh7 34. Nxf7 Rf3+ 35. Ke2 Rxf7 36. Ra8 Bc5 37. Kd3 Rf4 38. Re8 Nd4 39. Ke3 Rxh4 40. Kd3 Nxb3 41. Rc8 Bb6 42. Kc3 Nc5 43. Kc2 h5 44. Kd2 Nxa4 45. Ke2 Rh3 46. Kf1 Kh6 47. Kg2 Rb3 48. Rc4 Nb2 49. Rc2 g6 50. Kf1 h4 51. Ke2 Kh5 52. Kd2 g5 53. Kc1 Nd3+ 54. Kd2 Nf4 55. Kd1 h3 56. Rc8 Kh4 57. Rh8+ Kg3 58. Ke1 Rb2 59. Kf1 h2 60. Rxh2 Kxh2 61. Ke1 Kg3 62. Kf1 Kf3 63. Ke1 g4 64. Kd1 g3 65. Kc1 Ra2 66. Kb1 Rf2 {White resigns} 0-1

[Event "FICS rated blitz game"]
[Site "FICS freechess.org"]
[FICSGamesDBGameNo "20001114"]
[White "jimmybadger"]
[Black "tictactic"]
[WhiteElo "1726"]
[BlackElo "1846"]
[WhiteRD "na"]
[BlackRD "na"]
[TimeControl "180+0"]
[Date "1999.06.30"]
[Time "09:56:00"]
[WhiteClock "0:03:00.000"]
[BlackClock "0:03:00.000"]
[ECO "B10"]
[PlyCount "58"]
[Result "0-1"]

1. e4 c6 2. c4 d5 3. exd5 cxd5 4. Nc3 d4 5. Nce2 e5 6. Nf3 Nc6 7. d3 f5 8. Bd2 Nf6 9. Qa4 Bd7 10. Qb3 Bc5 11. Ng3 e4 12. dxe4 fxe4 13. Nh4 Ng4 14. Nxe4 Qxh4 15. Bg5 Qh5 16. Be2 Bb4+ 17. Kf1 O-O 18. Qg3 Rae8 19. Bf3 Rxe4 20. Bxe4 Qxg5 21. Bd5+ Kh8 22. Kg1 Qg6 23. h4 Bd6 24. Qb3 Rxf2 25. h5 Qg5 26. Qxb7 Qe3 27. Qa8+ Nb8 28. Qxa7 Rxb2+ 29. Kf1 Qf2# {White checkmated} 0-1

[Event "FICS rated blitz game"]
[Site "FICS freechess.org"]
[FICSGamesDBGameNo "20001113"]
[White "Fernando"]
[Black "amontes"]
[WhiteElo "1463"]
[BlackElo "1597"]
[WhiteRD "na"]
[BlackRD "na"]
[TimeControl "300+0"]
[Date "1999.06.30"]
[Time "09:16:00"]
[WhiteClock "0:05:00.000"]
[BlackClock "0:05:00.000"]
[ECO "B30"]
[PlyCount "129"]
[Result "1-0"]

1. e4 c5 2. Nf3 Nc6 3. Bc4 e6 4. O-O Be7 5. c3 d5 6. exd5 exd5 7. Bb3 Nf6 8. Re1 O-O 9. d4 c4 10. Bc2 Bg4 11. Nbd2 Re8 12. h3 Bh5 13. Nf1 Qc7 14. Ng3 Bg6 15. Bg5 Bxc2 16. Qxc2 h6 17. Bxf6 Bxf6 18. Nf5 Qd7 19. Ne3 Re7 20. Ng4 Rxe1+ 21. Rxe1 Be7 22. Nfe5 Nxe5 23. Nxe5 Qd6 24. Qf5 Bf6 25. Nd7 Rd8 26. Nxf6+ Qxf6 27. Qxf6 gxf6 28. Re7 Rb8 29. Rd7 Re8 30. Kf1 b5 31. Rxd5 a6 32. Rd6 Re6 33. Rxe6 fxe6 34. Ke2 Kf7 35. Ke3 Ke7 36. Ke4 Kd6 37. g4 a5 38. a3 a4 39. f4 Kd7 40. h4 Ke7 41. g5 hxg5 42. fxg5 Kf7 43. Kf4 Kg6 44. gxf6 Kxf6 45. Kg4 Kg6 46. h5+ Kh6 47. Kh4 Kh7 48. Kg5 Kg7 49. h6+ Kh7 50. Kh5 Kh8 51. Kg6 Kg8 52. Kf6 Kh7 53. Kxe6 Kxh6 54. d5 Kg7 55. d6 Kg6 56. d7 Kg5 57. d8=Q+ Kf4 58. Qd4+ Kf3 59. Ke5 Ke2 60. Ke4 Kf1 61. Kf3 Ke1 62. Ke3 Kf1 63. Qd2 Kg1 64. Kf3 Kf1 65. Qf2# {Black checkmated} 1-0

[Event "FICS rated blitz game"]
[Site "FICS freechess.org"]
[FICSGamesDBGameNo "20001112"]
[White "KCJones"]
[Black "nonfish"]
[WhiteElo "1222"]
[BlackElo "1193"]
[WhiteRD "na"]
[BlackRD "na"]
[TimeControl "360+12"]
[Date "1999.06.30"]
[Time "09:11:00"]
[WhiteClock "0:06:00.000"]
[BlackClock "0:06:00.000"]
[ECO "C50"]
[PlyCount "90"]
[Result "0-1"]

1. e4 e5 2. Nf3 Nc6 3. Bc4 Be7 4. d4 exd4 5. Nxd4 Nf6 6. Nxc6 bxc6 7. e5 Ne4 8. f3 Nc5 9. Be3 Na4 10. Bb3 Nxb2 11. Qd4 Ba3 12. O-O c5 13. Qc3 O-O 14. Bc1 Bb4 15. Qe3 Ba6 16. Rf2 Nd1 17. Qf4 Nxf2 18. Kxf2 c4 19. Bxc4 Bxc4 20. Qxc4 Rb8 21. a3 Be7 22. Be3 Ra8 23. Nc3 c6 24. Ne4 a5 25. Bc5 Bxc5+ 26. Qxc5 Re8 27. Nd6 Re6 28. f4 Qh4+ 29. g3 Qxh2+ 30. Kf3 Rg6 31. Nf5 Qh5+ 32. Ke4 Qe2+ 33. Qe3 Qxc2+ 34. Qd3 Qa4+ 35. Qd4 Qxd4+ 36. Kxd4 Rg4 37. Rg1 Re8 38. Nd6 Re6 39. Nb7 f6 40. exf6 Rxf6 41. Kc5 Rfg6 42. Nxa5 Rxg3 43. Rxg3 Rxg3 44. Kd6 Rxa3 45. Nc4 Ra4 {White resigns} 0-1

[Event "FICS rated blitz game"]
[Site "FICS freechess.org"]
[FICSGamesDBGameNo "20001111"]
[White "duckhammer"]
[Black "matsanovic"]
[WhiteElo "1328"]
[BlackElo "1891"]
[WhiteRD "na"]
[BlackRD "na"]
[TimeControl "180+0"]
[Date "1999.06.30"]
[Time "04:58:00"]
[WhiteClock "0:03:00.000"]
[BlackClock "0:03:00.000"]
[ECO "A46"]
[PlyCount "58"]
[Result "0-1"]

1. d4 Nf6 2. Nf3 e6 3. Bg5 b6 4. Nbd2 Bb7 5. e3 Be7 6. Bc4 O-O 7. O-O c5 8. c3 d5 9. Bd3 c4 10. Bc2 b5 11. Ne5 Nbd7 12. f4 a5 13. Nxd7 Qxd7 14. Nf3 b4 15. Ne5 Qb5 16. Bxf6 Bxf6 17. Qh5 g6 18. Qh3 Bc8 19. Ng4 Bg7 20. Nh6+ Kh8 21. g4 Bd7 22. f5 exf5 23. gxf5 Qb8 24. Qh4 Qd8 25. f6 Bxh6 26. Rf2 Bxe3 27. Kf1 Bxf2 28. Kxf2 Re8 29. Kg2 Re6 {White forfeits on time} 0-1

[Event "FICS rated lightning game"]
[Site "FICS freechess.org"]
[FICSGamesDBGameNo "20001110"]
[White "LFD"]
[Black "snazzy"]
[WhiteElo "1702"]
[BlackElo "1597"]
[WhiteRD "na"]
[BlackRD "na"]
[TimeControl "120+0"]
[Date "1999.06.29"]
[Time "23:08:00"]
[WhiteClock "0:02:00.000"]
[BlackClock "0:02:00.000"]
[ECO "B34"]
[PlyCount "68"]
[Result "0-1"]

1. e4 c5 2. Nf3 Nc6 3. d4 cxd4 4. Nxd4 g6 5. Nc3 Bg7 6. Be3 Nf6 7. Qd2 d5 8. Nxc6 bxc6 9. O-O-O Qa5 10. exd5 cxd5 11. Kb1 Rb8 12. Nxd5 Rxb2+ 13. Kxb2 Ne4+ 14. Bd4 Nxd2 15. Bxg7 Nc4+ 16. Bxc4 Rg8 17. Nf6+ exf6 18. Rhe1+ Be6 19. Bxe6 fxe6 20. Bxf6 Qb4+ 21. Ka1 Kf7 22. Bh4 Qc3+ 23. Kb1 Rb8+ 24. Kc1 Qa1+ 25. Kd2 Rd8+ 26. Ke2 Rxd1 27. Rxd1 Qxa2 28. Rd7+ Kf8 29. Rc7 Qd5 30. Rxh7 Qe4+ 31. Kf1 Qxc2 32. g3 Qd1+ 33. Kg2 Qd5+ 34. Kh3 Qf5+ {White forfeits on time} 0-1

[Event "FICS rated blitz game"]
[Site "FICS freechess.org"]
[FICSGamesDBGameNo "20001109"]
[White "Levs"]
[Black "ceblair"]
[WhiteElo "1831"]
[BlackElo "1504"]
[WhiteRD "na"]
[BlackRD "na"]
[TimeControl "300+12"]
[Date "1999.06.29"]
[Time "21:39:00"]
[WhiteClock "0:05:00.000"]
[BlackClock "0:05:00.000"]
[ECO "C77"]
[PlyCount "48"]
[Result "0-1"]

1. e4 e5 2. Nf3 Nc6 3. Bb5 a6 4. Ba4 Nf6 5. d3 Be7 6. Bxc6 dxc6 7. Nxe5 O-O 8. O-O Re8 9. h3 Bd6 10. Nc4 Be6 11. Nxd6 cxd6 12. Bg5 Qd7 13. Bxf6 gxf6 14. f4 Bxh3 15. gxh3 Kh8 16. Kh2 Rg8 17. Nd2 Rg7 18. Qh5 d5 19. Rg1 Rag8 20. Qf5 Qd6 21. e5 Qc5 22. Rxg7 Qf2+ 23. Kh1 Rxg7 24. Qc8+ Rg8 {White forfeits on time} 0-1

[Event "FICS rated blitz game"]
[Site "FICS freechess.org"]
[FICSGamesDBGameNo "20001108"]
[White "PistolPete"]
[Black "FreezingPoint"]
[WhiteElo "1372"]
[BlackElo "1129"]
[WhiteRD "na"]
[BlackRD "na"]
[TimeControl "300+2"]
[Date "1999.06.29"]
[Time "19:57:00"]
[WhiteClock "0:05:00.000"]
[BlackClock "0:05:00.000"]
[ECO "A41"]
[PlyCount "64"]
[Result "0-1"]

1. d4 d6 2. Nf3 Bf5 3. Bg5 f6 4. Bh4 Nd7 5. Nbd2 e5 6. c3 g5 7. Bg3 exd4 8. cxd4 d5 9. e3 Ne7 10. Bb5 c6 11. Ba4 g4 12. Ng1 Bh6 13. h3 gxh3 14. Nxh3 Nb6 15. Bb3 Rg8 16. Qh5+ Rg6 17. Rc1 Bg4 18. Qh4 Nf5 19. Qxg4 Rxg4 20. Nf4 Bxf4 21. Bxf4 Rxg2 22. Kf1 Rg7 23. Nf3 Kd7 24. a4 Nc4 25. Bxc4 dxc4 26. Rxc4 Qe7 27. b4 Rc8 28. b5 cxb5 29. Rxc8 Kxc8 30. axb5 b6 31. Ke2 Qa3 32. Rc1+ Qxc1 {White resigns} 0-1

[Event "FICS rated blitz game"]
[Site "FICS freechess.org"]
[FICSGamesDBGameNo "20001107"]
[White "Gendalf"]
[Black "lpr"]
[WhiteElo "1566"]
[BlackElo "1549"]
[WhiteRD "na"]
[BlackRD "na"]
[TimeControl "300+0"]
[Date "1999.06.29"]
[Time "15:27:00"]
[WhiteClock "0:05:00.000"]
[BlackClock "0:05:00.000"]
[ECO "B23"]
[PlyCount "80"]
[Result "0-1"]

1. e4 c5 2. Nc3 Nc6 3. f4 e6 4. Nf3 d5 5. exd5 exd5 6. d3 Be7 7. Be2 Nf6 8. O-O O-O 9. d4 cxd4 10. Nxd4 Bc5 11. Be3 Nxd4 12. Bxd4 Qb6 13. Bxc5 Qxc5+ 14. Kh1 Bf5 15. Bd3 Bg6 16. f5 Bh5 17. Qe1 Rfe8 18. Qg3 Re3 19. Qh4 d4 20. Ne2 Bxe2 21. Bxe2 Rxe2 22. Rac1 Rxc2 23. Rxc2 Qxc2 24. Qxd4 Qe4 25. Qc5 b6 26. Qc7 Qe8 27. Qg3 Rc8 28. Re1 Qc6 29. h3 Rd8 30. Re7 Qd6 31. Qe3 Qd1+ 32. Kh2 Qh5 33. Qf4 Re8 34. Rxa7 h6 35. Rb7 Re4 36. Qd2 Ng4+ 37. Kg1 Ne3 38. Rb8+ Kh7 39. g4 Qxh3 40. Qf2 Rxg4+ {White resigns} 0-1

[Event "FICS rated blitz game"]
[Site "FICS freechess.org"]
[FICSGamesDBGameNo "20001106"]
[White "special"]
[Black "petiroc"]
[WhiteElo "1402"]
[BlackElo "1665"]
[WhiteRD "na"]
[BlackRD "na"]
[TimeControl "240+0"]
[Date "1999.06.29"]
[Time "15:00:00"]
[WhiteClock "0:04:00.000"]
[BlackClock "0:04:00.000"]
[ECO "B23"]
[PlyCount "50"]
[Result "0-1"]

1. e4 c5 2. Nc3 Nc6 3. f4 e6 4. Nf3 d6 5. Bb5 Be7 6. d4 cxd4 7. Nxd4 Bd7 8. O-O Nf6 9. f5 e5 10. Nxc6 Bxc6 11. Bxc6+ bxc6 12. Bg5 O-O 13. Bxf6 Bxf6 14. Rf3 Qb6+ 15. Kh1 Rad8 16. Rh3 d5 17. Qh5 h6 18. Rg3 Kh7 19. b3 d4 20. Ne2 Qb5 21. Rf1 d3 22. cxd3 Rxd3 23. Rxd3 Qxd3 24. g4 Qxe4+ 25. Kg1 Qxe2 {White resigns} 0-1

[Event "FICS rated blitz game"]
[Site "FICS freechess.org"]
[FICSGamesDBGameNo "20001105"]
[White "Benito"]
[Black "gabriela"]
[WhiteElo "1547"]
[BlackElo "1503"]
[WhiteRD "na"]
[BlackRD "na"]
[TimeControl "180+8"]
[Date "1999.06.29"]
[Time "14:04:00"]
[WhiteClock "0:03:00.000"]
[BlackClock "0:03:00.000"]
[ECO "E90"]
[PlyCount "120"]
[Result "0-1"]

1. d4 Nf6 2. Nf3 g6 3. c4 Bg7 4. Nc3 d6 5. e4 O-O 6. Bg5 Nbd7 7. Qd2 c6 8. Bh6 e5 9. Bxg7 Kxg7 10. d5 Nc5 11. Qc2 Bg4 12. Be2 Qa5 13. O-O a6 14. a3 Qd8 15. b4 Ncd7 16. h3 Bxf3 17. Bxf3 c5 18. Ra2 Rc8 19. b5 a5 20. Qe2 b6 21. g3 Ng8 22. Kg2 f5 23. Rh1 f4 24. h4 fxg3 25. fxg3 Qf6 26. Rf1 Qe7 27. h5 gxh5 28. Bxh5 Qg5 29. Qg4 Qxg4 30. Bxg4 Rxf1 31. Kxf1 Rf8+ 32. Rf2 Ndf6 33. Be6 Nh6 34. Kg2 Nhg4 35. Bxg4 Nxg4 36. Rxf8 Kxf8 37. Na4 Ne3+ 38. Kf3 Nxc4 39. g4 Ke8 40. Nc3 Nxa3 41. Ke2 Kd7 42. Kd3 Kc7 43. Ne2 Nxb5 44. Ng3 a4 45. Nh5 a3 46. Kc2 a2 47. Kb2 Kd7 48. Nf6+ Ke7 49. Nxh7 Kf7 50. Ng5+ Kg6 51. Ne6 a1=Q+ 52. Kxa1 Nc3 53. Nc7 Nxe4 54. Ne6 Nf6 55. g5 Nxd5 56. Kb2 Kf5 57. g6 Kxe6 58. g7 Nf6 59. Kc3 Kf7 60. Kc4 Kxg7 {White resigns} 0-1

[Event "FICS rated blitz game"]
[Site "FICS freechess.org"]
[FICSGamesDBGameNo "20001104"]
[White "KSKmaster"]
[Black "BlueBishop"]
[WhiteElo "1482"]
[BlackElo "1460"]
[WhiteRD "na"]
[BlackRD "na"]
[TimeControl "300+0"]
[Date "1999.06.29"]
[Time "12:39:00"]
[WhiteClock "0:05:00.000"]
[BlackClock "0:05:00.000"]
[ECO "C58"]
[PlyCount "146"]
[Result "0-1"]

1. e4 e5 2. Nf3 Nc6 3. Bc4 Nf6 4. Ng5 d5 5. exd5 Na5 6. Bb5+ Bd7 7. Bxd7+ Qxd7 8. Nc3 h6 9. Nf3 Bd6 10. d4 Nc4 11. O-O e4 12. Nd2 Nxd2 13. Bxd2 O-O 14. Re1 Rfe8 15. Be3 c6 16. dxc6 bxc6 17. h3 Bb8 18. f3 Qd6 19. f4 a6 20. Ne2 Ba7 21. c3 Rab8 22. Qc2 Rb5 23. Ng3 Qd5 24. c4 Qe6 25. cxb5 cxb5 26. f5 Qd6 27. Qf2 Nd5 28. f6 Nxe3 29. Rxe3 Bxd4 30. Kh1 Qc5 31. Nf5 Bxe3 32. Nxe3 Rd8 33. fxg7 Kxg7 34. Nf5+ Kf8 35. Qxc5+ Kg8 36. Ne7+ Kg7 37. Rf1 Rd7 38. Nf5+ Kg6 39. Qc6+ f6 40. Qc7 Rxc7 41. Nh4+ Kg5 42. g3 Rc5 43. Rf4 h5 44. Rxe4 Rc1+ 45. Kg2 Rc2+ 46. Kf1 Rxb2 47. Rd4 Rb1+ 48. Ke2 Rb2+ 49. Ke3 Rxa2 50. Rd5+ Kh6 51. Rf5 Ra3+ 52. Kd2 Rxg3 53. Rxf6+ Kg7 54. Rxa6 Rg5 55. Ra5 Rd5+ 56. Kc3 Kf7 57. Nf3 Rf5 58. Nd4 Rf1 59. Rxb5 Rc1+ 60. Kd2 Rg1 61. Rxh5 Rg2+ 62. Ne2 Rh2 63. Rh8 Ke7 64. h4 Rh3 65. h5 Ra3 66. h6 Ra2+ 67. Ke3 Ra3+ 68. Kf2 Ra5 69. h7 Rf5+ 70. Ke1 Rh5 71. Nf4 Rh1+ 72. Kf2 Rh2+ 73. Kg3 Rh6 {White forfeits on time} 0-1

[Event "FICS rated blitz game"]
[Site "FICS freechess.org"]
[FICSGamesDBGameNo "20001103"]
[White "Faropparick"]
[Black "Laika"]
[WhiteElo "1179"]
[BlackElo "1639"]
[WhiteRD "na"]
[BlackRD "na"]
[TimeControl "300+0"]
[Date "1999.06.29"]
[Time "11:52:00"]
[WhiteClock "0:05:00.000"]
[BlackClock "0:05:00.000"]
[ECO "D31"]
[PlyCount "54"]
[Result "0-1"]

1. d4 d5 2. c4 e6 3. cxd5 exd5 4. Nc3 c6 5. e3 Nf6 6. Bd3 Be7 7. Nf3 Bg4 8. h3 Bh5 9. O-O O-O 10. g4 Nxg4 11. hxg4 Bxg4 12. Kh1 f5 13. Rg1 Qe8 14. Ne2 Qh5+ 15. Nh2 Bf3+ 16. Rg2 Qh3 17. Qg1 Rf6 18. Nf4 Bxg2+ 19. Nxg2 Rg6 20. f3 Bd6 21. e4 fxe4 22. fxe4 Qxd3 23. exd5 cxd5 24. Qe1 Qe4 25. Qf2 Nd7 26. Bf4 Rf8 27. Qc2 Qxc2 {White resigns} 0-1

[Event "FICS rated blitz game"]
[Site "FICS freechess.org"]
[FICSGamesDBGameNo "20001101"]
[White "VVU"]
[Black "pereha"]
[WhiteElo "1693"]
[BlackElo "1709"]
[WhiteRD "na"]
[BlackRD "na"]
[TimeControl "300+0"]
[Date "1999.06.29"]
[Time "11:22:00"]
[WhiteClock "0:05:00.000"]
[BlackClock "0:05:00.000"]
[ECO "A41"]
[PlyCount "68"]
[Result "0-1"]

1. d4 d6 2. c4 e5 3. dxe5 dxe5 4. Qxd8+ Kxd8 5. Nf3 Bb4+ 6. Bd2 Bxd2+ 7. Nbxd2 f6 8. O-O-O Be6 9. e3 c6 10. Be2 Ne7 11. h4 Nd7 12. Ne4 Kc7 13. Rd2 Nb6 14. b3 a5 15. Nc5 Bf5 16. a4 Nd7 17. Nxd7 Bxd7 18. Rhd1 Be6 19. Ne1 Rad8 20. Nd3 b6 21. Kb2 Rd7 22. Kc3 Rhd8 23. g3 h6 24. Ne1 Rxd2 25. Rxd2 Rxd2 26. Kxd2 g5 27. hxg5 hxg5 28. Bd3 c5 29. Be4 Nc8 30. Nd3 Nd6 31. Bg2 e4 32. Nc1 f5 33. Ne2 Nf7 34. Nc3 Ne5 {White forfeits on time} 0-1

[Event "FICS rated blitz game"]
[Site "FICS freechess.org"]
[FICSGamesDBGameNo "20001100"]
[White "toe"]
[Black "WyleECoyote"]
[WhiteElo "1472"]
[BlackElo "1434"]
[WhiteRD "na"]
[BlackRD "na"]
[TimeControl "240+5"]
[Date "1999.06.29"]
[Time "09:55:00"]
[WhiteClock "0:04:00.000"]
[BlackClock "0:04:00.000"]
[ECO "C00"]
[PlyCount "77"]
[Result "1-0"]

1. e4 e6 2. d3 d5 3. Nc3 d4 4. Nce2 e5 5. Nf3 Bd6 6. Bg5 f6 7. Bh4 c5 8. Ng3 g5 9. Nf5 gxh4 10. N3xh4 Bxf5 11. Qh5+ Bg6 12. Nxg6 hxg6 13. Qxh8 Kf8 14. h4 Qa5+ 15. Kd1 Nd7 16. h5 g5 17. h6 Kf7 18. Qg7+ Ke6 19. h7 Ne7 20. h8=Q Rxh8 21. Rxh8 c4 22. Be2 cxd3 23. cxd3 Bb4 24. Bg4+ Kd6 25. Bxd7 Kxd7 26. Qxf6 Be1 27. Qxg5 Bxf2 28. Rc1 Be3 29. Qg4+ Kd6 30. Qe2 Bxc1 31. Kxc1 Qxa2 32. Qc2 Qa1+ 33. Kd2 Qa5+ 34. Ke2 Nc6 35. Rh6+ Kc7 36. Qb3 b5 37. Qf7+ Kb6 38. Qd7 Qb4 39. Rxc6+ {Black resigns} 1-0

[Event "FICS rated blitz game"]
[Site "FICS freechess.org"]
[FICSGamesDBGameNo "20001099"]
[White "Solidster"]
[Black "alto"]
[WhiteElo "1525"]
[BlackElo "1505"]
[WhiteRD "na"]
[BlackRD "na"]
[TimeControl "300+1"]
[Date "1999.06.29"]
[Time "06:36:00"]
[WhiteClock "0:05:00.000"]
[BlackClock "0:05:00.000"]
[ECO "B12"]
[PlyCount "57"]
[Result "1-0"]

1. e4 c6 2. d4 d5 3. e5 Bf5 4. Bd3 Bxd3 5. Qxd3 e6 6. Ne2 Ne7 7. Ng3 a6 8. O-O c5 9. c3 Nec6 10. Nd2 Nd7 11. f4 g6 12. Nf3 b5 13. f5 gxf5 14. Nxf5 exf5 15. Qxf5 Qb6 16. Ng5 Ncxe5 17. dxe5 c4+ 18. Kh1 Qg6 19. Nxf7 Qxf5 20. Rxf5 Rg8 21. e6 Nc5 22. Bg5 Be7 23. Re1 Ne4 24. Bxe7 Kxe7 25. Rxd5 Nf2+ 26. Kg1 Nd3 27. Rd7+ Ke8 28. Nd6+ Kf8 29. Rf7# {Black checkmated} 1-0

[Event "FICS rated blitz game"]
[Site "FICS freechess.org"]
[FICSGamesDBGameNo "20001098"]
[White "VVU"]
[Black "SirEric"]
[WhiteElo "1701"]
[BlackElo "1557"]
[WhiteRD "na"]
[BlackRD "na"]
[TimeControl "300+0"]
[Date "1999.06.29"]
[Time "05:45:00"]
[WhiteClock "0:05:00.000"]
[BlackClock "0:05:00.000"]
[ECO "E39"]
[PlyCount "84"]
[Result "0-1"]

1. d4 Nf6 2. c4 e6 3. Nc3 Bb4 4. Qc2 c5 5. dxc5 O-O 6. Nf3 Na6 7. a3 Bxc3+ 8. Qxc3 Nxc5 9. b4 Nce4 10. Qc2 b6 11. Bg5 Bb7 12. e3 h6 13. Bh4 Qc7 14. Bd3 Rac8 15. Bxf6 Nxf6 16. Qe2 d5 17. Rc1 dxc4 18. Rxc4 Qe7 19. O-O Rxc4 20. Bxc4 Rc8 21. Ba6 Bxf3 22. Qxf3 Rc3 23. Ra1 Nd5 24. Qd1 Qf6 25. Bb7 Qf5 26. Bxd5 Rc2 27. Bf3 e5 28. e4 Qc8 29. h3 a5 30. bxa5 Qc5 31. axb6 Qxf2+ 32. Kh1 g5 33. b7 g4 34. b8=Q+ Kg7 35. Qxe5+ Kh7 36. Qf5+ Kg7 37. Qxg4+ Kh7 38. Qf5+ Kg7 39. Qe5+ Kg8 40. Qd8+ Kh7 41. Qf5+ Kg7 42. Qdf6+ Kf8 {White forfeits on time} 0-1